 Dungeon Crawl Stone Soup version 0.29-a0-892-g2c4c91d9db (webtiles) character file.

Game seed: 9860783194713821308

567 HoaS the Shooter (level 7, 0/44 HPs)
             Began as a Gargoyle Hunter on July 22, 2022.
             Was an Initiate of Okawaru.
             Slain by Jessica
             ... wielding a +3 dagger of draining
              (1 damage)
             ... on level 3 of the Dungeon.
             The game lasted 00:06:20 (2080 turns).

HoaS the Shooter (Gargoyle Hunter)                  Turns: 2080, Time: 00:06:20

Health: 0/44       AC: 12    Str: 15    XL:     7   Next: 33%
Magic:  0/7        EV: 13    Int:  9    God:    Okawaru [......]
Gold:   80         SH:  0    Dex: 15    Spells: 6/6 levels left

rFire   . . .      SeeInvis .   a - +0 shortbow (chaos)
rCold   . . .      Faith    .   (shield currently unavailable)
rNeg    + . .      Spirit   +   c - +0 leather armour
rPois   ∞          Reflect  .   m - +1 helmet
rElec   +          Harm     .   i - +0 cloak
rCorr   .          Rampage  .   d - +1 pair of gloves
Will    .....                   (no boots)
Stlth   +++.......              h - amulet of guardian spirit
HPRegen 0.14/turn               (no ring)
MPRegen 0.10/turn               (no ring)

@: no status effects
A: sickness immunity, AC +4, negative energy resistance 1, electricity
resistance, torment resistance 1, petrification resistance
a: Renounce Religion


You were on level 3 of the Dungeon.
You worshipped Okawaru.
Okawaru was noncommittal.
You visited 1 branch of the dungeon, and saw 3 of its levels.
You also visited: Sewer.

You collected 80 gold pieces.

Inventory:

Hand Weapons
 a - a +0 shortbow of chaos (weapon)
Armour
 c - a +0 leather armour (worn)
 d - a +1 pair of gloves (worn)
 i - a +0 cloak (worn)
 m - a +1 helmet (worn)
Jewellery
 h - an amulet of guardian spirit (around neck)
Scrolls
 b - 2 scrolls of immolation
Potions
 e - 2 potions of flight {unknown}
 f - a potion of berserk rage
 g - 3 potions of lignification {unknown}
 j - a potion of heal wounds
 l - 2 potions of magic {unknown}


   Skills:
 + Level 4.6 Fighting
 + Level 5.5 Ranged Weapons
 + Level 3.4 Dodging
 + Level 4.5 Stealth
 + Level 0.0 Invocations


You had 6 spell levels left.
You didn't know any spells.
Your spell library contained the following spells:

 Spells                   Type           Power      Damage    Failure   Level
 Blink                    Tloc           0%         N/A       58%         2
 Manifold Assault         Tloc           0%         N/A       100%        5
 Storm Form               Tmut/Air       0%         N/A       100%        7


Dungeon Overview and Level Annotations

Branches:
Dungeon (3/15)              Sewer (visited)

Altars:
Okawaru
Trog
Uskayaw

Shops:
D:1 ?

Annotations:
D:3 Jessica


Innate Abilities, Weirdness & Mutations

You are immune to sickness and miasma.
Your stone body is resilient. (AC +4)
You are immune to poison.
You resist negative energy. (rN+)
You are resistant to electric shocks. (rElec)
You are resistant to unholy torment.
You are immune to petrification.


Message History

Jessica mumbles some strange words.
Jessica blinks!
Jessica barely misses you. Jessica hits you but does no damage.
Jessica casts a spell.
Jessica seems to speed up.
Jessica barely misses you. Jessica barely misses you.
Jessica hits you but does no damage.
Jessica mumbles some strange words.
Jessica blinks!
Jessica casts a spell.
Jessica blinks!
Jessica points at you and mumbles some strange words.
Pain shoots through your body! Jessica closely misses you.
Jessica barely misses you. Jessica hits you but does no damage.
Jessica points at you and mumbles some strange words.
Pain shoots through your body! Jessica hits you but does no damage. x2
Jessica casts a spell at you. Pain shoots through your body!
* * * LOW HITPOINT WARNING * * *
Jessica barely misses you.
Jessica hits you with a +3 dagger of draining.
* * * LOW HITPOINT WARNING * * *
Jessica misses you. Jessica hits you but does no damage.
Jessica barely misses you. Jessica barely misses you.
Jessica hits you but does no damage. Jessica closely misses you.
Jessica closely misses you.
Jessica hits you with a +3 dagger of draining.
* * * LOW HITPOINT WARNING * * *
Jessica casts a spell at you.
You easily resist.
Jessica hits you with a +3 dagger of draining.
* * * LOW HITPOINT WARNING * * *
Jessica gestures at you while chanting.
You struggle to resist.
Jessica closely misses you.
Jessica hits you with a +3 dagger of draining.
You die...

#.......#*..# *..#********,*
.........,,,* #..#,,,,,,,*,*
.#+###.##**#####..#,,,,,,,*,*
....##.#####......#,,,,,,,*,*
....'......+......#,,,_,,,^,*
....##..####......#,,,,,,,*,*
.#####.)#.........#,,,,,,,*,***
.............##...#,,,,,,,*,,,***
.####...####.##.@@#***^****,,,,,,
.#**#.#.# #.##.#.......,,,,*,***
.,,*#.#.# ####.###.#.#.,,***,*
,***#.### #.# *...*,*,* *,* ,*
#.* #.# **#...,,***,*** ,****,*
#.#****##.,,,,,,,,, ,,,,,,*
#..,,,,,,,,****,*** ,******
##********,,,,,,* ,*******
********


You could see Jessica (fast).

Vanquished Creatures
  6 kobold brigands (Sewer)
  Robin (D:2)
  An adder (Sewer)
  A gnoll (D:3)
  3 river rats (Sewer)
  4 worms
  3 dart slugs
  2 orcs (D:3)
  5 bats
  10 endoplasms
  A giant cockroach (D:3)
  11 goblins
  6 hobgoblins
  3 jackals (D:1)
  2 quokkas
  7 ball pythons
  3 frilled lizards
  11 kobolds
  10 rats
90 creatures vanquished.

Notes
Turn   | Place    | Note
-------+----------+-------------------------------------------
     0 | D:1      | HoaS the Gargoyle Hunter began the quest for the Orb.
     0 | D:1      | Reached XP level 1. HP: 12/12 MP: 1/1
    12 | D:1      | Found Fienuoh's Magic Scroll Boutique.
   172 | D:1      | Reached XP level 2. HP: 18/18 MP: 2/2
   266 | D:1      | Reached XP level 3. HP: 22/22 MP: 3/3
   998 | D:2      | Reached XP level 4. HP: 28/28 MP: 4/4
  1038 | D:3      | Noticed Robin
  1086 | D:2      | Killed Robin
  1118 | D:3      | Noticed a +0 falchion
  1119 | D:3      | Noticed a +0 dagger
  1120 | D:3      | Noticed a +0 short sword
  1120 | D:3      | Noticed a +0 spear
  1120 | D:3      | Noticed a +0 spear
  1120 | D:3      | Noticed a +0 short sword
  1120 | D:3      | Noticed a +0 falchion
  1121 | D:3      | Noticed a +0 dagger
  1128 | D:3      | Found a hide-covered altar of Uskayaw.
  1165 | D:3      | Found a glowing drain.
  1181 | Sewer    | Entered a sewer
  1367 | Sewer    | Noticed a kobold brigand
  1371 | Sewer    | Killed a kobold brigand
  1372 | Sewer    | Reached XP level 5. HP: 32/32 MP: 5/5
  1432 | Sewer    | Noticed a kobold brigand
  1447 | Sewer    | Killed a kobold brigand
  1448 | Sewer    | Reached skill level 5 in Ranged Weapons
  1448 | Sewer    | Reached XP level 6. HP: 36/38 MP: 6/6
  1600 | Sewer    | Reached XP level 7. HP: 37/44 MP: 5/7
  1808 | D:3      | Found a faded altar of an unknown god.
  1844 | D:3      | Found an iron altar of Okawaru.
  1845 | D:3      | Found a bloodstained altar of Trog.
  1859 | D:3      | Became a worshipper of Warmaster Okawaru
  1991 | D:3      | Noticed Jessica
  2078 | D:3      | HP: 1/44 [Jessica/+3 dagger of draining (2)]
  2080 | D:3      | Slain by Jessica

Illustrated notes

Levels and vault maps discovered:
D:1:      erik_arrival_orb_chamber, layout_basic, serial_shops, shop
D:2:      layout_basic
D:3:      layout_basic, grunt_temple_overflow_bloody_war,
          nicolae_uskayaw_en_pointe, lemuel_tele_altar,
          hellmonk_ecumenical_altar_leap_of_faith, cheibrodos_sewer_entry_bend,
          uniq_robin, uniq_jessica

Skill      XL: |  1  2  3  4  5  6 |
---------------+-------------------+-----
Stealth        | 2 3 4 |  4.5
Dodging        | 2 3 |  3.4
Fighting       | 3 4 |  4.6
Ranged Weapons | 5 |  5.5

Action                   |  1- 3 |  4- 6 |  7- 9 || total
-------------------------+-------+-------+-------++-------
 Fire: Shortbow          |   111 |   124 |    53 ||   288
  Use: Scroll            |     1 |     3 |     3 ||     7
Armor: Leather armour    |    22 |    26 |    43 ||    91
Dodge: Dodged            |    36 |    39 |    70 ||   145

Table legend: (Time is in decaauts)
 A = Elapsed time spent in this place.
 B = Non-inter-level travel time spent in this place.
 C = Inter-level travel time spent in this place.
 D = Time resting spent in this place.
 E = Time spent auto-exploring this place.
 F = Levels seen in this place.
 G = Mean time per level.
                   A        B        C        D        E       F      G
               +--------+--------+--------+--------+--------+-----+--------+
         Total |   2330 |   2252 |     78 |    213 |   1259 |   4 |  582.5 |
       Dungeon |   1614 |   1536 |     78 |    213 |    762 |   3 |  538.0 |
         Sewer |    716 |    716 |      0 |      0 |    497 |   1 |  716.0 |
               +--------+--------+--------+--------+--------+-----+--------+

Top non-repeatable levels by time:
   Sewer: 716 daAuts
     D:1: 678 daAuts
     D:3: 476 daAuts
     D:2: 459 daAuts
